 Dungeon Crawl Stone Soup version 0.26.1-2-gb8aa6d0cf2 (webtiles) character file.

Game seed: 13572347789050329667

1314 windgrace the Digger (level 8, 0/43 HPs)
             Began as a Gargoyle Earth Elementalist on Feb 9, 2021.
             Was a Follower of Nemelex Xobeh.
             Slain by Prince Ribbit (5 damage)
             ... on level 5 of the Dungeon.
             The game lasted 00:49:47 (7173 turns).

windgrace the Digger (Gargoyle Earth Elementalist)  Turns: 7173, Time: 00:49:48

Health: 0/43       AC:  7    Str: 13    XL:     8   Next: 58%
Magic:  5/14       EV: 12    Int: 17    God:    Nemelex Xobeh [*.....]
Gold:   202        SH:  0    Dex: 10    Spells: 3/15 levels left

rFire    . . .     SeeInvis .   v - +2 scythe (protect)
rCold    . . .     Faith    .   (shield currently unavailable)
rNeg     + . .     Spirit   .   u - +0 robe
rPois    ∞         Reflect  .   (no helmet)
rElec    +         Harm     .   (no cloak)
rCorr    .         Rampage  .   (no gloves)
Will     .....                  (no boots)
Stlth    +++.......             (no amulet)
HPRegen  0.14/turn              (no ring)
MPRegen  0.14/turn              (no ring)

@: very slightly contaminated
A: negative energy resistance 1, electricity resistance, unbreathing,
petrification resistance, miasma immunity, AC +5
a: Renounce Religion, Draw Escape, Draw Destruction, Draw Summoning


You were on level 5 of the Dungeon.
You worshipped Nemelex Xobeh.
Nemelex Xobeh was aware of your devotion.
You visited 2 branches of the dungeon, and saw 6 of its levels.

You collected 202 gold pieces.

Inventory:

Hand Weapons
 d - a +1 short sword
 r - a +0 hand axe
 v - a +2 scythe of protection (weapon)
Missiles
 b - 113 stones
 h - 57 poisoned darts
 j - 2 atropa-tipped darts
 s - 28 sling bullets
Armour
 c - a +0 robe
 e - a +0 robe
 f - a +0 robe
 u - a +0 robe (worn)
 y - a +2 chain mail of cold resistance
Wands
 B - a wand of iceblast (7)
 D - a wand of random effects (12)
Scrolls
 a - a scroll of random uselessness
 g - a scroll of magic mapping
 l - 2 scrolls of teleportation
 n - a scroll of enchant weapon
 o - a scroll of fog
 t - a scroll of immolation
 A - 2 scrolls of remove curse {unknown}
 C - a scroll of torment {unknown}
 E - a scroll of fear {unknown}
 F - 2 scrolls of amnesia {unknown}
Potions
 i - 2 potions of berserk rage {unknown}
 k - a potion of lignification {unknown}
 m - 2 potions of haste {unknown}
 p - a potion of ambrosia {unknown}
 q - 2 potions of curing
 w - a potion of brilliance {unknown}
 x - 2 potions of attraction {unknown}
 z - a potion of might {unknown}


   Skills:
 + Level 1.5 Fighting
 + Level 1.2 Short Blades
 + Level 2.5 Polearms
 + Level 0.1 Throwing
 + Level 3.0 Dodging
 + Level 6.0 Stealth
 + Level 4.1 Spellcasting
 + Level 2.1 Transmutations
 + Level 7.4 Earth Magic


You had 3 spell levels left.
You knew the following spells:

 Your Spells              Type           Power        Failure   Level
a - Sandblast             Erth           56%          1%          1
b - Passwall              Tmut/Erth      15%          3%          2
c - Petrify               Tmut/Erth      19%          22%         4
d - Lee's Rapid Deconstr  Erth           14%          21%         5

Your spell library contained the following spells:

 Spells                   Type           Power        Failure   Level
 Stone Arrow              Conj/Erth      32%          10%         3


Dungeon Overview and Level Annotations

Branches:
Dungeon (5/15)             Temple (1/1) D:4

Altars:
Ashenzari
Fedhas
Makhleb
Nemelex Xobeh
Okawaru
Qazlal
Uskayaw
Yredelemnul
The Shining One

Annotations:
D:5 Prince Ribbit


Innate Abilities, Weirdness & Mutations

You are resistant to torment.
Your stone body is resilient. (AC +5)
You are immune to poison.
You resist negative energy. (rN+)
You are resistant to electric shocks. (rElec)
You can survive without breathing.
You are immune to petrification.
You are immune to miasma.


Message History

Press: ? - help, Q - select action, (/) - cycle Shift-Dir - straight line, f - Prince Ribbit
Aim: Prince Ribbit (34% to evade)
The blast of sand hits Prince Ribbit.
Prince Ribbit is lightly wounded.
Prince Ribbit misses you. Prince Ribbit hits you!
The orc wizard begins to cast a cantrip, but forgets the words!
Casting: Sandblast (safe; 1% risk of failure)
Confirm with . or Enter, or press ? or * to list all spells.
The spell is extremely dangerous to cast (21% risk of failure)!
Continue anyway?
Aiming: Lee's Rapid Deconstruction (extremely dangerous; 21% risk of failure)
Press: ? - help, Dir - move target, p - Prince Ribbit A rock wall.
You miscast Lee's Rapid Deconstruction.
You are very lightly contaminated with residual magic.
Nothing appears to happen.
Prince Ribbit hits you!
* * * LOW HITPOINT WARNING * * *
Prince Ribbit hits you.
You die...
Your body disappears without a glow.

####* #...######
#...oF@..#
#$.)####.##########
# ******* ##.#*
#.........[# #
*,,,,,* #.*
##########.## #
*,***,*****#,**
##...####
*,*,,,,,,,,,,,**
##.###.##.
*,*,,,*,,,,,,,,*
####.## ##..#
*,,,,,*****,,,****
#....# ##.##
***,,** *,,,,,,,*
#.##.####.##


You could see Prince Ribbit and an orc wizard (fast).

Vanquished Creatures
  Grinder (D:5)
  Sigmund (D:2)
  A phantom (D:4)
  2 centaurs (D:5)
  6 killer bees
  A bullfrog skeleton (D:5)
  2 orc priests
  Terence (D:3)
  Jessica (D:3)
  A jelly (D:5)
  A worker ant (D:4)
  7 gnolls
  A howler monkey skeleton (D:5)
  8 adders
  A white imp (D:5)
  A worm (D:3)
  8 dart slugs
  5 leopard geckos
  10 orcs
  5 bats
  5 giant cockroaches
  8 goblins
  11 hobgoblins
  7 jackals
  6 frilled lizards
  A jackal skeleton (D:4)
  4 kobolds
  9 rats
115 creatures vanquished.

Vanquished Creatures (others)
  A withered plant (D:2)
1 creature vanquished.

Grand Total: 116 creatures vanquished

Notes
Turn   | Place    | Note
-------+----------+-------------------------------------------
     0 | D:1      | windgrace the Gargoyle Earth Elementalist began the quest
                  | for the Orb.
     0 | D:1      | Reached XP level 1. HP: 10/10 MP: 3/3
    90 | D:1      | Reached skill level 1 in Transmutations
    95 | D:1      | Reached XP level 2. HP: 15/15 MP: 0/5
    99 | D:1      | Reached skill level 4 in Earth Magic
   526 | D:1      | Reached XP level 3. HP: 19/19 MP: 3/6
   654 | D:1      | Learned a level 2 spell: Passwall
  1104 | D:2      | Reached XP level 4. HP: 24/24 MP: 4/7
  1398 | D:2      | Found a basalt altar of Yredelemnul.
  1600 | D:2      | Learned a level 4 spell: Petrify
  2187 | D:3      | Reached skill level 5 in Earth Magic
  2338 | D:3      | Noticed Terence
  2338 | D:3      | Noticed Jessica
  2415 | D:3      | Reached XP level 5. HP: 17/28 MP: 6/9
  2562 | D:3      | Killed Jessica
  2663 | D:3      | Killed Terence
  2785 | D:3      | Reached XP level 6. HP: 29/32 MP: 5/10
  3143 | D:3      | Noticed Sigmund
  3829 | D:2      | Killed Sigmund
  3830 | D:2      | Reached skill level 1 in Short Blades
  3997 | D:3      | Found a burning altar of Makhleb.
  3999 | D:3      | Found a broken altar of Ashenzari.
  4293 | D:4      | Found a staircase to the Ecumenical Temple.
  4302 | Temple   | Entered the Ecumenical Temple
  4322 | Temple   | Became a worshipper of Nemelex Xobeh the Trickster
  4559 | D:4      | Reached skill level 6 in Earth Magic
  4559 | D:4      | Reached XP level 7. HP: 36/37 MP: 2/12
  4577 | D:4      | Learned a level 5 spell: Lee's Rapid Deconstruction
  4900 | D:4      | Found a blossoming altar of Fedhas.
  4949 | D:4      | Reached skill level 1 in Fighting
  4949 | D:4      | Reached skill level 5 in Stealth
  4957 | D:4      | Reached skill level 1 in Polearms
  5252 | D:4      | Found an iron altar of Okawaru.
  5611 | D:5      | Entered Level 5 of the Dungeon
  5611 | D:5      | Reached * piety under Nemelex Xobeh
  6279 | D:5      | Reached XP level 8. HP: 43/43 MP: 13/13
  6352 | D:5      | Reached skill level 7 in Earth Magic
  6765 | D:5      | Noticed Grinder
  6773 | D:5      | Paralysed by Grinder for 4 turns
  6784 | D:5      | Killed Grinder
  7169 | D:5      | Noticed Prince Ribbit
  7173 | D:5      | Slain by Prince Ribbit

Illustrated notes

Levels and vault maps discovered:
D:1:      minmay_arrival_hallway, layout_basic, minivault_19
D:2:      layout_basic, yredelemnul_altar_generic
D:3:      layout_rooms, nicolae_overflow_hidden_temple, uniq_jessica,
          uniq_terence, uniq_sigmund
D:4:      layout_gridville, lemuel_doored_altar, temple_fountains,
          minmay_misc_feat_doors, fedhas_ov_isle_minmay
D:5:      layout_loops_ring, uniq_grinder, uniq_prince_ribbit1
Temple:   zaba_magenta_temple

Skill      XL: |  1  2  3  4  5  6  7  8 |
---------------+-------------------------+-----
Transmutations | 1 2 |  2.1
Earth Magic    | 4 5 6 7 |  7.4
Dodging        | 2 3 |  3.0
Stealth        | 3 4 5 6 |  6.0
Spellcasting   | 3 4 |  4.1
Short Blades   | 1 |  1.2
Fighting       | 1 |  1.5
Polearms       | 1 2 |  2.5
Throwing       | |  0.1

Action                   |  1- 3 |  4- 6 |  7- 9 || total
-------------------------+-------+-------+-------++-------
Melee: Short sword       |    38 |   107 |       ||   145
       Scythe            |       |    38 |   118 ||   156
Throw: Dart              |       |     2 |     2 ||     4
       Boomerang         |       |       |     1 ||     1
 Cast: Sandblast         |    26 |    57 |    14 ||    97
       Passwall          |     1 |     2 |       ||     3
       Petrify           |       |    16 |    14 ||    30
       Lee's Rapid Decon |       |       |     5 ||     5
Evoke: Wand              |       |       |     2 ||     2
  Use: Scroll            |       |     1 |     7 ||     8
       Potion            |       |     1 |     2 ||     3
 Stab: Sleeping          |     2 |     2 |     1 ||     5
       Petrified         |       |    50 |    20 ||    70
       Petrifying        |       |     3 |     1 ||     4
       Paralysed         |       |       |     3 ||     3
Armor: Robe              |    11 |    69 |    69 ||   149
Dodge: Dodged            |    24 |   124 |   108 ||   256
